Map: Abyssal Reef LE

Players

GangusKaun

  • Race: Protoss Protoss
  • League: Gold
  • Spawn Location: 5:00

KananJarrus - Winner!

  • Race: Terran Terran
  • League: Silver
  • Spawn Location: 11:00

VOD

Have the link to the VOD?

Description

Time

  • Played on: Dec. 4, 2024, 9:31 p.m.
  • Length: 16:43
Show
View Real Time Build Order
Export as new Build Order

GangusKaun Protoss 

Build Orders: 1 Gate Expand 

Get SALT Encoding   

  12  0:11  Pylon  
  12  0:13  Probe  
  13  0:25  Probe  
  14  0:32  Gateway  
  14  0:40  Probe  
  15  0:52  Probe  
  15  0:55  Assimilator  
  16  1:04  Probe  
  17  1:22  Cybernetics Core  
  17  1:34  Nexus  
  17  1:44  Pylon  
  16  1:56  Probe  
  17  2:08  Probe  
  18  2:16  Probe  
  19  2:24  Probe  
  20  2:34  Probe  
  21  2:45  Assimilator  
  21  2:46  Probe  
  22  2:51  Twilight Council  
  22  2:58  Adept  
  22  2:59  Shield Battery  
  22  3:00  Probe  
  23  3:10  Warp Gate  
  25  3:13  Probe x2  
  27  3:21  Probe  
  27  3:25  Robotics Facility  
  28  3:31  Gateway  
  28  3:33  Probe  
  29  3:38  Adept  
  31  3:52  Probe  
  32  4:01  Dark Shrine  
  32  4:06  Pylon  
  32  4:11  Probe x2  
  32  4:12  Warp Prism  
  36  4:24  Gateway  
  36  4:26  Shield Battery  
  36  4:29  Probe x2  
  38  4:43  Pylon  
  38  4:49  Probe  
  38  4:51  Assimilator x2  
  39  5:11  Probe  
  40  5:15  Observer  
  40  5:21  Pylon  
  41  5:26  Dark Templar x3  
  45  6:20  Probe x2  
  45  6:21  Immortal  
  51  6:53  Gateway  
  51  6:55  Gateway  
  51  7:00  Gateway  
  51  7:01  Immortal  
  49  7:03  Gateway  
  47  7:28  Blink  
  47  7:34  Probe x2  
  49  7:39  Warp Prism  
  51  7:44  Forge  
  51  7:49  Forge  
  51  7:51  Robotics Bay  
  49  7:55  Robotics Facility  
  49  8:01  Shield Battery  
  49  8:03  Pylon  
  49  8:12  Protoss Shields Level 1, Protoss Ground Weapons Level 1  
  49  8:16  Nexus  
  49  8:17  Pylon  
  49  8:21  Pylon  
  49  8:22  Pylon  
  49  8:31  Stalker  
  49  8:32  Stalker x6  
  63  8:47  Colossus  
  68  8:48  Colossus  
  68  8:55  Dark Templar x2  
  78  8:57  Dark Templar  
  80  9:07  Zealot x4  
  88  9:28  Archon  
  84  9:57  Colossus x2  
  76  10:09  Dark Templar x3  
  62  10:28  Archon  
  62  10:35  Zealot x4  
  64  10:50  Observer  
  64  10:51  Observer  
  64  10:54  Probe x2  
  66  10:59  Assimilator  
  66  11:06  Probe  
  66  11:09  Immortal x2  
  75  11:21  Stalker x3  
  50  11:47  Warp Prism  
  50  11:48  Observer  
  53  11:54  Dark Templar x2  
  53  11:55  Dark Templar x2  
  53  11:59  Extended Thermal Lance  
  53  12:00  Archon  
  61  12:02  Archon  
  61  12:03  Probe x2  
  63  12:09  Assimilator  
  63  12:12  Protoss Ground Weapons Level 2, Protoss Ground Armor Level 1, Probe  
  63  12:15  Probe x2  
  66  12:24  Probe  
  67  12:32  Probe x2  
  67  12:36  Probe, Warp Prism  
  70  12:44  Probe x2  
  70  12:48  Probe  
  75  13:16  Stalker x4  
  75  13:17  Stalker x3  
  89  13:35  Gravitic Drive  
  89  13:40  Dark Templar x5  
  89  13:42  Zealot  
  83  13:48  Stalker  
  85  14:01  Archon x2  
  85  14:06  Dark Templar  
  87  14:16  Zealot x6  
  99  14:20  Colossus  
  99  14:21  Observer  
  45  15:21  Colossus  
  45  15:25  Immortal  
  45  15:33  Zealot x7  
  55  15:55  Stalker x4  
  55  15:56  Stalker x2  
  59  16:06  Dark Templar  
Show
View Real Time Build Order
Export as new Build Order

KananJarrus Terran - Winner!

Build Orders:  

Get SALT Encoding   

  12  0:00  SCV  
  13  0:12  SCV  
  14  0:18  Supply Depot  
  14  0:27  SCV  
  15  0:40  SCV  
  16  0:43  Barracks  
  16  0:52  SCV  
  16  0:53  Refinery  
  17  1:04  SCV  
  18  1:16  SCV  
  19  1:30  Orbital Command  
  19  1:37  Refinery  
  19  1:45  Marine  
  20  1:55  Command Center  
  20  1:57  Supply Depot  
  20  2:14  Marine  
  21  2:22  Factory  
  21  2:23  SCV  
  21  2:27  Refinery  
  22  2:35  SCV  
  23  2:38  Barracks Reactor  
  23  2:47  SCV  
  24  2:59  SCV  
  25  3:06  Hellion  
  25  3:08  Orbital Command  
  25  3:10  Starport  
  25  3:11  SCV  
  28  3:15  Orbital Command  
  28  3:23  Command Center  
  28  3:26  Marine  
  28  3:27  Marine  
  29  3:31  SCV  
  31  3:47  SCV x2  
  33  3:49  Starport Reactor  
  33  3:51  Barracks  
  33  3:53  Factory Tech Lab  
  33  3:54  Marine x2  
  35  3:59  SCV  
  35  4:00  SCV  
  37  4:12  Siege Tank, Marine x2  
  37  4:16  Barracks  
  42  4:17  SCV  
  43  4:24  SCV  
  43  4:27  Medivac  
  46  4:34  Medivac  
  46  4:38  Supply Depot  
  48  4:42  Supply Depot  
  48  4:44  SCV x2  
  50  4:45  Orbital Command  
  50  4:50  Cyclone  
  53  4:57  SCV x2  
  55  5:02  Supply Depot  
  55  5:05  Barracks Tech Lab x2, Marine  
  56  5:11  Viking  
  56  5:13  Marine  
  59  5:18  SCV x2  
  61  5:29  Marine  
  61  5:30  Marine  
  62  5:46  Marine  
  51  6:15  Barracks  
  45  6:18  Marine  
  45  6:19  Marine x3  
  47  6:26  Orbital Command  
  47  6:36  Marine  
  32  6:57  Medivac x2  
  32  7:00  SCV x3  
  32  7:05  Engineering Bay  
  32  7:18  Marine x2  
  34  7:27  Barracks Tech Lab  
  33  7:32  Missile Turret  
  33  7:36  Marine x3  
  36  7:48  Missile Turret  
  36  7:55  Refinery  
  36  7:58  Missile Turret  
  36  7:59  SCV x2  
  36  8:00  SCV  
  39  8:06  Marine  
  39  8:07  Marine  
  39  8:08  Marine x2  
  39  8:11  Stimpack, SCV  
  39  8:12  SCV x2  
  46  8:14  Missile Turret  
  46  8:23  SCV  
  46  8:24  SCV x2, Missile Turret  
  46  8:25  Marine  
  46  8:26  Marine x2  
  52  8:36  SCV x3  
  55  8:42  Marine  
  55  8:48  SCV x3, Marine x3  
  59  8:51  Concussive Shells  
  59  8:54  Marauder  
  64  9:00  SCV x3, Marine, Supply Depot  
  64  9:02  Supply Depot  
  68  9:06  Widow Mine, Marine x3  
  73  9:12  SCV x2  
  73  9:15  Marine  
  73  9:24  SCV x2  
  75  9:32  Marauder x2, Marine x2  
  75  9:34  Marauder  
  75  9:36  SCV x2  
  85  9:49  Marine, Supply Depot x2  
  85  9:51  Marine  
  83  9:54  Marauder, Siege Tank  
  66  10:22  Marine x2  
  66  10:23  Marauder, Viking  
  66  10:24  Viking  
  66  10:26  Reaper  
  66  10:30  Supply Depot  
  66  10:34  Marine  
  67  10:40  Marine  
  68  10:43  Marine  
  68  10:44  Marauder, Widow Mine  
  73  10:52  Marine  
  74  10:57  Marine  
  74  10:59  Marauder  
  74  11:00  Marine  
  78  11:06  Marauder  
  78  11:10  Refinery x2  
  78  11:11  Marine  
  80  11:15  Marine  
  80  11:16  Ghost Academy  
  82  11:20  Marauder  
  75  11:43  Orbital Command  
  74  11:53  SCV x2  
  76  11:54  Marine x3  
  76  11:55  Marauder, Ghost  
  76  11:56  Siege Tank  
  87  12:05  SCV  
  87  12:06  SCV  
  89  12:11  SCV  
  89  12:12  Marine x2  
  89  12:13  Marauder  
  94  12:18  SCV x2  
  94  12:20  Barracks  
  94  12:21  Supply Depot  
  96  12:23  SCV  
  96  12:25  Missile Turret  
  96  12:26  Marine x2  
  96  12:29  Medivac  
  101  12:30  SCV x2  
  101  12:34  Marauder  
  105  12:37  Marine  
  105  12:38  Marine  
  110  12:44  Siege Tank  
  110  12:46  Terran Infantry Weapons Level 1  
  110  12:49  Engineering Bay  
  110  12:54  Refinery  
  110  12:55  Refinery  
  110  13:10  Marine x5  
  116  13:18  Combat Shield, Supply Depot  
  116  13:19  Supply Depot  
  116  13:20  Medivac, Viking  
  116  13:21  Barracks Tech Lab  
  119  13:28  SCV x3, Marine x3  
  125  13:39  Marine  
  125  13:40  Marauder, SCV x3  
  131  13:45  Marine  
  131  13:46  Marauder  
  131  13:47  Marine x2  
  131  13:48  Siege Tank  
  139  13:52  SCV x2, Supply Depot x2  
  139  13:54  SCV  
  139  13:57  Marauder  
  137  14:04  SCV x2  
  137  14:06  SCV  
  137  14:08  Marine  
  141  14:13  Ghost x2  
  141  14:14  Marauder  
  141  14:16  SCV x2, Supply Depot  
  151  14:18  SCV  
  152  14:28  SCV  
  152  14:29  SCV, Marauder, Marine x2  
  152  14:30  SCV, Siege Tank, Viking  
  164  14:37  Ghost  
  153  15:04  Marine  
  153  15:05  Marauder  
  151  15:15  SCV x3  
  151  15:19  Marine  
  151  15:20  Marauder, Ghost, Siege Tank  
  163  15:21  Medivac, Viking  
  167  15:36  Command Center  
  163  16:09  Marine  
  163  16:10  Marauder, Ghost x2  
  170  16:11  Viking x2  
Tags
 
Add a new tag
Caveats
  • Supply blocks, unpowered buildings, or Contaminate may cause inaccurate times.
  • Supply counts are checked every 10 seconds.